 Dungeon Crawl Stone Soup version 0.30.0 (webtiles) character file.

Game seed: 8784979772446026828

749790 smazza the Intangible (level 27, -5/273 HPs)
             Began as a Merfolk Transmuter on Dec 21, 2023.
             Was the Champion of the Shining One.
             Succumbed to an ushabti's dark miasma
             ... on level 2 of the Tomb of the Ancients on Dec 30, 2023.
             The game lasted 13:48:30 (99508 turns).

smazza the Intangible (Merfolk Transmuter)         Turns: 99508, Time: 13:48:30

Health: -5/273     AC: 28    Str: 20 (23) XL:     27
Magic:  39/39      EV: 15    Int: 23 (24) God:    the Shining One [******]
Gold:   10378      SH:  0    Dex: 24      Spells: 17/51 levels left

rFire   + + +        O - +9 trishula (holy)
rCold   + + .        A - +3 warlock's mirror {omnireflect}
rNeg    + + +        L - +7 fire dragon scales of Happy Babbling {rF++ rC- Stlth+}
rPois   +            u - +1 helmet of Okawaru's Hope {Will++}
rElec   .            l - scarf {rC+ rF+}
rCorr   .            f - +0 pair of fencer's gloves {Riposte Dex+3}
SInv    .            b - +2 pair of boots
Will    ++++.        z - amulet of regeneration
Stlth   ++           w - ring "Qick" {rPois Str+6 Int+3}
HPRegen 1.45/turn    t - ring of Fururch {rC++ Dex+6}
MPRegen 0.26/turn

%: reflection
@: lethally poisoned (-5 -> -24), about to teleport, marked, held, slowed,
glowing, studying 3 skills, very slow
A: (nimble swimmer 2), mertail, clever 1, deterioration 1, mutation resistance
1, robust 1
}: 5/15 runes: decaying, slimy, silver, abyssal, gossamer
a: Renounce Religion, Divine Shield, Cleansing Flame, Summon Divine Warrior


You were on level 2 of the Tomb of the Ancients.
You worshipped the Shining One.
The Shining One was exalted by your worship.
You visited 14 branches of the dungeon, and saw 59 of its levels.
You visited the Abyss 3 times.
You also visited: Sewer, Bailey, Gauntlet, Ice Cave and Volcano.

You collected 11239 gold pieces.
You spent 861 gold pieces at shops.

Inventory:

Hand Weapons
 s - a +9 trident of electrocution
 O - a +9 trishula of holy wrath (weapon)
Missiles
 v - 12 curare-tipped darts
 y - 4 javelins
 B - 2 throwing nets
 F - 5 boomerangs (quivered)
 Q - 2 boomerangs of dispersal
 T - 12 silver javelins
 V - 8 silver boomerangs
Armour
 b - a +2 pair of boots (worn)
 c - the +0 hat "Gath" {+Inv rF+ rCorr Stlth+}
   (Okawaru gifted it to you on level 3 of the Lair of Beasts)

   rF:        It protects you from fire.
   +Inv:      It lets you turn invisible.
   rCorr:     It protects you from acid and corrosion.
   Stlth:     It makes you more stealthy.
 f - the +0 pair of fencer's gloves (worn) {Riposte Dex+3}
   (Okawaru gifted it to you on level 1 of the Spider Nest)

   Riposte:   It allows the wearer to riposte with melee weapons, swiftly
   retaliating against missed or blocked melee attacks.
   Dex:       It affects your dexterity (+3).
 l - a scarf of resistance (worn)
 u - the +1 helmet of Okawaru's Hope (worn) {Will++}
   (You found it in a Gauntlet)

   Will:      It greatly increases your willpower.
 A - the +3 warlock's mirror (worn) {omnireflect}
   (You acquired it on level 5 of the Dungeon)

   Omnireflect: It can block and reflect piercing ranged attacks and magical
   attacks against the wielder's willpower.
 L - the +7 fire dragon scales of Happy Babbling (worn) {rF++ rC- Stlth+}
   (Okawaru gifted it to you on level 2 of the Elven Halls)

   rF:        It greatly protects you from fire.
   rC:        It makes you vulnerable to cold.
   Stlth:     It makes you more stealthy.
 S - +4 fire dragon scales
 X - the +4 pair of gloves of the Hurricane {rElec}
   (Okawaru gifted it to you on level 3 of the Spider Nest)

   rElec:     It insulates you from electricity.
Jewellery
 t - the ring of Fururch (right hand) {rC++ Dex+6}
   (You found it on level 3 of the Dungeon)

   [ring of dexterity]

   Dex:       It affects your dexterity (+6).
   rC:        It greatly protects you from cold.
 w - the ring "Qick" (left hand) {rPois Str+6 Int+3}
   (You found it on level 5 of the Dungeon)

   [ring of strength]

   Str:       It affects your strength (+6).
   Int:       It affects your intelligence (+3).
   rPois:     It protects you from poison.
 z - an amulet of regeneration (around neck)
 C - a ring of willpower
 R - a ring of protection from cold
Wands
 a - a wand of digging (39)
 d - a wand of roots (82)
 J - a wand of light (60)
 Y - a wand of mindburst (42)
Scrolls
 o - 13 scrolls of fog
 p - 11 scrolls of immolation
 x - a scroll of blinking
 G - 3 scrolls of butterflies
 H - 4 scrolls of magic mapping
 K - 7 scrolls of fear
 M - 4 scrolls of enchant armour
 N - 6 scrolls of teleportation
 P - 13 scrolls of poison
 Z - 2 scrolls of silence
Potions
 e - 5 potions of magic
 g - 6 potions of cancellation
 h - 9 potions of attraction
 i - 11 potions of ambrosia
 j - 5 potions of haste
 k - 6 potions of heal wounds
 m - a potion of brilliance
 n - 16 potions of flight
 q - 34 potions of curing
 r - 3 potions of resistance
 D - 5 potions of berserk rage
 E - 10 potions of lignification
 I - a potion of mutation
Miscellaneous
 W - a phantom mirror


   Skills:
 O Level 27 Fighting
 + Level 24.4 Polearms
 + Level 18.9 Throwing
 - Level 15.2 Armour
 O Level 27 Dodging
 - Level 10.1 Stealth
 + Level 12.0 Shields
 - Level 5.4 Unarmed Combat
 + Level 12.5 Spellcasting
 - Level 8.0 Translocations
 - Level 10.0 Transmutations
 + Level 13.6 Ice Magic
 - Level 7.0 Poison Magic
 - Level 17.4 Invocations
 - Level 8.1 Evocations


You had 17 spell levels left.
You knew the following spells:

 Your Spells              Type           Power      Damage    Failure   Level
a - Beastly Appendage     Tmut           100%       N/A       1%          1
b - Wereblood             Tmut           57%        N/A       1%          2
c - Spider Form           Tmut/Pois      52%        N/A       1%          3
d - Ice Form              Ice/Tmut       62%        N/A       1%          4
e - Frozen Ramparts       Ice            100%       1d16      1%          3
f - Apportation           Tloc           100%       N/A       1%          1
g - Ignite Poison         Fire/Tmut/Pois 40%        N/A       3%          3
h - Ozocubu's Armour      Ice            67%        N/A       1%          3
i - Passwall              Tmut/Erth      30%        N/A       2%          2
j - Teleport Other        Tloc           50%        N/A       1%          3
k - Portal Projectile     Hex/Tloc       64%        N/A       7%          3
l - Blink                 Tloc           100%       N/A       1%          2
m - Manifold Assault      Tloc           50%        N/A       4%          4

Your spell library contained the following spells:

 Spells                   Type           Power      Damage    Failure   Level
 Ensorcelled Hibernation  Hex/Ice        90%        N/A       1%          2
 Lesser Beckoning         Tloc           100%       N/A       1%          2
 Gell's Gravitas          Tloc           50%        N/A       1%          3
 Hailstorm                Conj/Ice       45%        3d10      2%          3
 Blade Hands              Tmut           28%        N/A       5%          5
 Cigotuvi's Dreadful Rot  Necr/Pois/Air  50%        N/A       7%          2
 Vhi's Electric Charge    Tloc/Air       64%        N/A       7%          3
 Summon Ice Beast         Ice/Summ       45%        N/A       8%          4
 Foxfire                  Conj/Fire      56%        2x1d6     12%         1
 Magic Dart               Conj           56%        1d5       12%         1
 Necrotise                Necr           56%        1d6       12%         1
 Sandblast                Erth           28%        2d8       12%         1
 Shock                    Conj/Air       56%        1d6       12%         1
 Slow                     Hex            56%        N/A       12%         1
 Summon Small Mammal      Summ           56%        N/A       12%         1
 Petrify                  Tmut/Erth      37%        N/A       16%         4
 Scorch                   Fire           28%        2d6       19%         2
 Searing Ray              Conj           28%        2d5       19%         2
 Static Discharge         Conj/Air       28%        2-4/arc   19%         2
 Sublimation of Blood     Necr           14%        N/A       19%         2
 Metabolic Englaciation   Hex/Ice        22%        N/A       21%         5
 Call Canine Familiar     Summ           14%        N/A       36%         3
 Confusing Touch          Hex            14%        N/A       36%         3
 Dazzling Flash           Conj/Hex       28%        N/A       36%         3
 Inner Flame              Hex/Fire       14%        N/A       36%         3
 Stone Arrow              Conj/Erth      28%        3d8       36%         3
 Swiftness                Air            14%        N/A       36%         3
 Tukima's Dance           Hex            14%        N/A       36%         3
 Vampiric Draining        Necr           14%        2d7       36%         3
 Irradiate                Conj/Tmut      18%        3d17      41%         5
 Freezing Cloud           Conj/Ice/Air   17%        6-21      45%         5
 Simulacrum               Ice/Necr       22%        N/A       75%         6
 Animate Armour           Summ/Erth      28%        N/A       77%         4
 Animate Dead             Necr           14%        N/A       77%         4
 Dispel Undead            Necr           14%        3d10      77%         4
 Flame Wave               Conj/Fire      14%        2d6       77%         4
 Fulminant Prism          Conj/Hex       7%         3d7       77%         4
 Leda's Liquefaction      Hex/Erth       7%         N/A       77%         4
 Sticky Flame             Conj/Fire      14%        2d4       77%         4
 Summon Lightning Spire   Summ/Air       14%        N/A       77%         4
 Dragon Form              Tmut           28%        N/A       86%         7
 Statue Form              Tmut/Erth      24%        N/A       94%         6
 Agony                    Necr           14%        N/A       98%         5
 Arcjolt                  Conj/Air       7%         1d17      98%         5
 Borgnjor's Vile Clutch   Necr/Erth      7%         N/A       98%         5
 Fireball                 Conj/Fire      7%         3d5       98%         5
 Iskenderun's Battlesphe  Conj           14%        2d7       98%         5
 Silence                  Hex/Air        7%         N/A       98%         5
 Conjure Ball Lightning   Conj/Air       7%         3x3d6     100%        6
 Death Channel            Necr           7%         N/A       100%        6
 Iron Shot                Conj/Erth      7%         9d2       100%        6
 Plasma Beam              Fire/Air       7%         2x1d19    100%        6
 Starburst                Conj/Fire      7%         6d4       100%        6
 Summon Cactus Giant      Summ           7%         N/A       100%        6
 Enfeeble                 Hex            7%         N/A       100%        7
 Haunt                    Necr/Summ      7%         N/A       100%        7
 Spellforged Servitor     Conj/Summ      7%         N/A       100%        7
 Storm Form               Tmut/Air       18%        N/A       100%        7
 Discord                  Hex            7%         N/A       100%        8
 Ignition                 Fire           7%         3d4       100%        8
 Lehudib's Crystal Spear  Conj/Erth      7%         10d3      100%        8
 Maxwell's Capacitive Co  Air            7%         ∞         100%        8


Dungeon Overview and Level Annotations

Branches:
Dungeon (15/15)            Temple (1/1) D:4            Lair (5/5) D:11
  Swamp (4/4) Lair:3       Spider (4/4) Lair:3        Slime (5/5) Lair:5
    Orc (2/2) D:9             Elf (3/3) Orc:2        Vaults (5/5) D:14
  Crypt (3/3) Vaults:3       Tomb (2/3) Crypt:3      Depths (4/4) D:15
   Hell (visited)             Dis (0/7) Hell            Geh (0/7) Hell
    Coc (0/7) Hell            Tar (0/7) Hell            Zot (5/5) Depths:4
  Sewer (visited)          Bailey (visited)           IceCv (visited)
Volcano (visited)         Gauntlet (visited)

Altars:
Ashenzari
Cheibriados
Dithmenos
Elyvilon
Fedhas
Gozag
Hepliaklqana
Kikubaaqudgha
Makhleb
Nemelex Xobeh
Okawaru
Qazlal
Ru
Sif Muna
Trog
Uskayaw
Vehumet
Wu Jian
Xom
Yredelemnul
Zin
The Shining One
Jiyva

Shops:
D:3 =   D:7 *   D:12 (*(   Orc:2 !***   Elf:1 (   Depths:2 =*(*

Portals:
Hell: Depths:1 Depths:2 Depths:3 Depths:4
Abyss: D:3 Depths:1 Depths:3
Pandemonium: Depths:2
Ziggurat: Depths:1

Annotations:
D:3 Lancus's ghost, weakling SpEE
D:13 2 transporters, Dittersdorf's ghost, journeyman MiBe
Orc:1 3 runed translucent doors, nick944's ghost, journeyman MiFi
Vaults:1 3 runed translucent doors, ttag's ghost, adept MiBe
Crypt:1 2 runed translucent doors, Hynnuzim's ghost, veteran CeHu
Crypt:3 exclusion: 32 doors
Depths:1 1 exclusion
Zot:4 2 transporters, Sofait's ghost, legendary GnFE
Abyss:1 chorocmaeul's ghost, adept FoFi


Innate Abilities, Weirdness & Mutations

((You are very nimble when in or above water. (Stealth+, EV+, Speed+++)))
Your lower body shifts to a powerful aquatic tail in water.
Your mind is acute. (Int +4, Str/Dex -1)
Your body sometimes deteriorates upon taking damage.
You are somewhat resistant to further mutation.
You are robust. (+10% HP)


Message History

The vile air hits you but does no damage.
The ushabti shakes and rattles.
The vile air hits the ancient champion.
The vile air hits you.
The mummy pulls the alarm!
The alarm trap emits a blaring wail!
A sentinel's mark forms upon you.
The ushabti shakes and rattles.
The vile air hits the mummy.
The vile air hits you.
The mummy priest calls on the powers of darkness!
Your body is wracked with pain!
* * * LOW HITPOINT WARNING * * *
The ushabti shakes and rattles.
The vile air hits the mummy priest but does no damage.
The vile air hits the mummy.
The vile air hits you.
* * * LOW HITPOINT WARNING * * *
The ancient champion hits you with a +0 battleaxe of draining!!
* * * LOW HITPOINT WARNING * * *
You hear a faint skittering sound.
You feel much better.
You are engulfed in dark miasma.
* * * LOW HITPOINT WARNING * * *
You feel sick.
You hear a faint skittering sound. x2
The ancient champion hits you with a +0 battleaxe of draining!!
* * * LOW HITPOINT WARNING * * *
The mummy hits you.
* * * LOW HITPOINT WARNING * * *
The mummy closely misses you.
You riposte.
You puncture the mummy!
The mummy convulses.
The mummy is almost destroyed.
The ushabti shakes and rattles.
The vile air hits the ancient champion but does no damage.
The vile air hits you but does no damage.
The ushabti shakes and rattles deafeningly!
The ancient champion hits you with a +0 battleaxe of draining.
* * * LOW HITPOINT WARNING * * *
As you read the scroll of teleportation, it crumbles to dust.
You feel strangely unstable.
You are engulfed in dark miasma.
You are lethally poisoned!
* * * LOW HITPOINT WARNING * * *
You die...

##****************
.#,,,,,,,,*,^^,,,*
.#,,,,,,,^#,,,,,,*
^#,,,,,,,.'.,,,,,*
.#,,,,,,,,#M.^^,,*
######******.M^,,*
......,,,,,###'###
......,,,,,#..MM@#
b....^,,,,,#..MMz#
sz##..,,,,,#.M9M9#
M.#**,,,,,.#.M°)M#
.b9#**,,,..#.°○.M#
M.^.#*#....#○°...#
...Z.##....#°°...#
.M..s.☼○..9z9....#
.....9.☼○9○##*+***


You could see 2 ancient champions, a mummy priest, a guardian mummy, 3 ushabtiu
and 9 mummies.

Vanquished Creatures
  the Royal Jelly (Abyss:3)
  5 dread liches
  An ancient lich (Vaults:5)
  7 orbs of fire
  8 royal mummies
  Sojobo (Abyss:2)
  Boris (twice) (Crypt:2 Tomb:1)
  5 Killer Klowns
  Margery (Vaults:3)
  Bai Suzhen (Crypt:3)
  the Lernaean hydra (Swamp:4)
  Xtahua (Abyss:2)
  Geryon (Hell)
  3 caustic shrikes
  Nikola (Swamp:1)
  20 golden dragons
  4 bone dragons
  2 electric golems (Zot:5)
  4 hellephants
  12 tentacled monstrosities
  Rupert (D:14)
  A walking earthen tome (Depths:3)
  Asterion (Abyss:2)
  An Ice Fiend (IceCv)
  25 Orb Guardians
  A Hell Sentinel (Abyss:2)
  5 liches
  5 deep elf blademasters
  8 quicksilver dragons
  6 ancient champions
  16 acid blobs
  11 death cobs
  9 deep elf master archers
  A walking divine tome (Depths:3)
  13 titans
  8 tentacled starspawn
  2 thorn hunters (Abyss:3)
  Gastronok (Lair:3)
  9 shadow dragons
  11 sphinxes
  8 tengu reavers
  Kirke (Swamp:2)
  9 rockslimes
  13 storm dragons
  A fenstrider witch (Swamp:3)
  5 azure jellies
  An azure jelly (shapeshifter) (Vaults:5)
  7 revenants
  18 fire giants
  The ghost of Zachydoop the Severer, a journeyman DsGl of Ru (Swamp:2)
  21 frost giants
  8 draconian knights
  7 draconian monks
  5 emperor scorpions
  15 vault wardens
  9 draconian scorchers
  A caustic shrike zombie (Hell)
  7 ghost moths
  10 deep elf sorcerers
  2 spectral juggernauts (Crypt:3)
  11 draconian shifters
  A balrug (Crypt:3)
  10 ghouls
  4 curse skulls
  6 deep elf elementalists (Elf:3)
  3 cacodemons
  Aizul (Vaults:4)
  8 quicksilver oozes
  4 draconian stormcallers (Zot:3)
  6 reapers
  A broodmother (Spider:4)
  13 ironbound preservers
  A war gargoyle (Hell)
  2 orc warlords
  12 draconian annihilators
  4 spriggan defenders
  The ghost of Soulflayer the Eclecticist, a journeyman DECj of Sif Muna (Swamp:1)
  16 black draconians
  A caustic shrike skeleton (Crypt:1)
  18 stone giants
  24 very ugly things
  8 deep elf annihilators
  4 eleionomae
  9 ironbound thunderhulks
  18 yellow draconians
  A lorocyproca (Abyss:3)
  2 bennus (Tomb:2)
  9 vampire knights
  21 green draconians
  An eleionoma (shapeshifter) (Vaults:5)
  3 spark wasps
  A wendigo (Hell)
  15 purple draconians
  8 deep elf demonologists
  18 white draconians
  13 red draconians
  5 bunyips
  11 dire elephants
  10 mummy priests
  14 eidola
  7 jiangshi
  10 deep elf death magi
  3 spectral quicksilver dragons (Crypt:3)
  An entropy weaver (shapeshifter) (D:9)
  7 ettins
  7 entropy weavers
  6 deep elf high priests
  A quicksilver dragon zombie (Depths:2)
  A spectral spriggan (Crypt:3)
  16 yaktaur captains
  5 fire dragons
  12 great orbs of eyes
  5 ice dragons
  A spriggan air mage (Depths:4)
  32 vault guards
  3 caustic shrike simulacra (IceCv)
  25 hydras
  An Orb Guardian zombie (Crypt:3)
  2 quicksilver dragon skeletons
  4 jorogumos
  8 rakshasas
  10 centaur warriors
  5 ghost crabs
  Erica (Abyss:2)
  A spriggan skeleton (Depths:2)
  A spectral shadow dragon (Crypt:3)
  2 catoblepae
  2 ogre magi
  11 ironbound frosthearts
  2 radroaches
  3 hell beasts
  A juggernaut simulacrum (Crypt:3)
  8 boulder beetles
  12 two-headed ogres
  25 dancing weapons
  5 hell hogs
  2 two-headed ogres (shapeshifter)
  5 deep troll shamans
  10 death yaks
  7 alligators
  23 death scarabs
  A satyr (Abyss:3)
  9 tengu warriors
  4 deep troll earth magi
  7 spriggan berserkers
  9 vampire magi
  2 spectral dire elephants (Crypt:3)
  3 spectral storm dragons (Crypt:3)
  A spectral naga (Crypt:3)
  26 deep elf knights
  27 hell knights
  6 sun demons
  8 orc high priests
  A titan skeleton (Hell)
  12 thrashing horrors
  6 soul eaters
  Amaemon (D:9)
  10 shadow wraiths
  14 wretched stars
  10 pharaoh ants
  An emperor scorpion zombie (Crypt:2)
  A golden dragon zombie (Depths:2)
  18 skeletal warriors
  3 skysharks
  6 iron trolls
  2 sun moths (Spider:4)
  23 large abominations
  5 goliath frogs
  A death drake (Gauntlet)
  Lodul (D:12)
  A sixfirhy (Depths:4)
  3 glowing orange brains
  7 spriggan druids
  9 swamp dragons
  A bunyip zombie (Swamp:3)
  10 lindwurms
  9 flayed ghosts
  10 orb spiders
  An obsidian statue (D:13)
  12 bog bodies
  21 deep elf archers
  10 spriggan simulacra
  36 deep trolls
  19 ironbound convokers
  2 spectral anacondas (Crypt:3)
  An orange crystal statue (Zot:2)
  16 starcursed masses
  2 golden dragon skeletons
  2 sphinx zombies (Depths:2)
  5 steelbarb worms
  32 deep elf pyromancers
  2 tengu zombies
  2 orc knights (D:14)
  15 phantasmal warriors
  6 wizards
  5 harpies
  37 deep elf zephyrmancers
  19 wolf spiders
  6 cyclopes
  A fenstrider witch simulacrum (Hell)
  3 orc sorcerers
  12 necromancers
  14 manticores
  34 ugly things
  9 worldbinders
  4 shining eyes
  A fire giant zombie (D:15)
  2 will-o-the-wisps (Swamp:1)
  A jorogumo skeleton (Crypt:1)
  A stone giant skeleton (Abyss:2)
  A spectral centaur (Gauntlet)
  A centaur zombie (Gauntlet)
  An iron dragon skeleton (D:15)
  18 demonic crawlers
  38 moths of wrath
  5 apocalypse crabs
  16 vault sentinels
  5 black mambas
  2 guardian serpents
  4 torpor snails (Spider:3)
  3 molten gargoyles
  16 smoke demons
  An eleionoma skeleton (Crypt:3)
  3 ice statues
  4 cane toads
  6 orange demons
  A pale draconian zombie (Crypt:1)
  A titan simulacrum (Hell)
  A guardian serpent (shapeshifter) (Abyss:2)
  2 rust devils
  An elephant slug zombie (Crypt:1)
  3 gargoyles
  37 yaktaurs
  6 kobold demonologists
  6 hellions
  23 freezing wraiths
  5 rime drakes
  3 unseen horrors
  An alligator snapping turtle skeleton (Hell)
  A tengu conjurer (D:12)
  An efreet (Abyss:2)
  8 komodo dragons
  19 guardian mummies
  A red devil (Hell)
  A hydra zombie (Swamp:3)
  9 ancient zymes
  4 meliai (Spider:3)
  A queen bee (shapeshifter) (D:9)
  2 spectral harpies (Crypt:3)
  4 anaconda simulacra
  5 ice devils
  A white draconian skeleton (Crypt:3)
  A bloated husk (Swamp:2)
  2 hellwings (Abyss:2)
  18 trolls
  14 polar bears
  A red draconian skeleton (Crypt:1)
  A tarantella (shapeshifter) (Depths:2)
  A culicivora zombie (Crypt:3)
  An alligator zombie (Swamp:3)
  16 hornets
  36 blink frogs
  2 spectral guardian serpents (Crypt:2)
  6 tyrant leeches
  A draconian simulacrum (Hell)
  Prince Ribbit (Abyss:2)
  22 raiju
  21 tarantellas
  An ettin zombie (Hell)
  A fire dragon zombie (Crypt:3)
  2 harpy skeletons
  4 flying skulls
  Sigmund (D:2)
  A slime creature (shapeshifter) (Vaults:5)
  22 culicivoras
  3 air elementals
  30 jumping spiders
  3 shadows
  4 centaur simulacra
  34 spriggans
  2 naga simulacra
  2 dire elephant simulacra (IceCv)
  112 slime creatures
  5 ynoxinuls
  An alligator snapping turtle simulacrum (Hell)
  A fire elemental (Elf:1)
  8 water elementals
  41 yaks
  A wyvern (D:10)
  2 hogs (shapeshifter)
  2 basilisks
  8 golden eyes
  A yak (shapeshifter) (Elf:3)
  15 wraiths
  6 hogs (Swamp:2)
  3 ushabtiu
  A tyrant leech zombie (Crypt:2)
  13 vampire mosquitoes
  5 humans
  5 steam dragons
  A human (shapeshifter) (Abyss:2)
  7 neqoxecs
  7 chaos spawn
  61 redbacks
  A wind drake skeleton (Crypt:3)
  6 minotaur simulacra (IceCv)
  22 wargs
  2 harpy simulacra
  12 swamp worms
  An acid dragon (D:10)
  14 water moccasins
  A demonspawn skeleton (Crypt:2)
  2 floating eyes
  2 hydra simulacra (Swamp:3)
  19 hell hounds
  14 orc warriors
  A sky beast (D:7)
  A spectral hornet (Gauntlet)
  3 alligator simulacra
  A cane toad skeleton (Crypt:1)
  A hornet zombie (Crypt:1)
  8 swamp drakes
  13 black bears
  A meliai simulacrum (Gauntlet)
  2 ice beasts
  An ettin simulacrum (Hell)
  15 ogres
  20 wolves
  3 centaurs
  A snapping turtle skeleton (Crypt:2)
  A torpor snail zombie (Crypt:1)
  A phantom (D:6)
  5 kobold brigands
  2 necrophages (Crypt:3)
  4 scorpions
  9 deep troll simulacra (IceCv)
  23 bullfrogs
  An earth elemental (Abyss:2)
  8 gnoll sergeants (D:12)
  15 small abominations
  10 wights
  A hornet simulacrum (Gauntlet)
  5 killer bees (D:11)
  2 lindwurm simulacra (IceCv)
  A yak skeleton (Crypt:2)
  5 electric eels
  5 howler monkeys
  2 crimson imps (Abyss:2)
  2 jellies
  A black bear zombie (Crypt:2)
  2 hounds
  A quasit (Abyss:2)
  Crazy Yiuf (D:2)
  36 orc priests
  2 iron imps (Abyss:2)
  A sleepcap (D:7)
  Terence (D:2)
  5 iguanas
  A boggart zombie (Gauntlet)
  10 hell rats
  23 orc wizards
  A naga skeleton (Crypt:2)
  24 mummies
  Robin (D:2)
  7 adders
  4 gnolls
  3 river rats
  A swamp drake zombie (Crypt:3)
  A shadow imp (D:7)
  3 white imps
  5 ufetubi
  A worm (D:2)
  2 dart slugs
  72 orcs
  6 endoplasms
  4 giant cockroaches
  27 goblins
  14 hobgoblins
  12 jackals
  21 kobolds
  4 quokkas
  6 ball pythons
  4 bats
  4 frilled lizards (D:1)
  A goblin skeleton (Crypt:1)
  A jackal zombie (Crypt:3)
  A kobold zombie (Crypt:2)
  13 rats
  2 butterflies (Lair:2)
  A lurking horror (Abyss:3)
  A plant (Lair:5)
  4 starspawn tentacles (Abyss:2)
3012 creatures vanquished.

Vanquished Creatures (collateral kills)
  2 yellow draconians (Crypt:3)
  An eidolon (Crypt:3)
  A flayed ghost (Crypt:3)
4 creatures vanquished.

Vanquished Creatures (others)
  A draconian scorcher (Zot:3)
  A vampire knight (Crypt:1)
  A red draconian (Zot:2)
  A deep elf high priest (Elf:3)
  A deep elf knight (Elf:1)
  A lindwurm (Volcano)
  2 deep elf pyromancers
  Maurice (D:12)
  A swamp worm (Swamp:3)
  A sky beast (shapeshifter) (Vaults:5)
  2 small abominations
  2 orcs (Orc:2)
  4 foxfires (Swamp:1)
  13 fungi
  39 plants
  28 starspawn tentacles
  3 withered plants
102 creatures vanquished.

Grand Total: 3118 creatures vanquished

Notes
Turn   | Place    | Note
-------+----------+-------------------------------------------
     0 | D:1      | smazza the Merfolk Transmuter began the quest for the Orb.
     0 | D:1      | Reached XP level 1. HP: 15/15 MP: 3/3
   222 | D:1      | Reached XP level 2. HP: 13/21 MP: 3/5
   225 | D:1      | Learned a level 2 spell: Wereblood
   742 | D:1      | Reached XP level 3. HP: 26/26 MP: 4/6
   746 | D:1      | Learned a level 3 spell: Spider Form
   811 | D:1      | Found a faded altar of an unknown god.
   938 | D:2      | Noticed Robin
  1235 | D:2      | Killed Robin
  1289 | D:2      | Reached skill level 1 in Poison Magic
  1289 | D:2      | Reached XP level 4. HP: 32/32 MP: 5/7
  1383 | D:2      | Noticed Sigmund
  1398 | D:2      | Killed Sigmund
  1399 | D:2      | Reached XP level 5. HP: 32/37 MP: 2/9
  1399 | D:2      | Reached XP level 6. HP: 37/43 MP: 2/10
  1574 | D:2      | Reached skill level 5 in Transmutations
  1664 | D:2      | Learned a level 4 spell: Ice Form
  2189 | D:2      | Found a runed translucent door.
  2190 | D:2      | Noticed Crazy Yiuf
  2210 | D:2      | Killed Crazy Yiuf
  2211 | D:2      | Reached skill level 5 in Unarmed Combat
  2483 | D:3      | Noticed Terence
  2512 | D:2      | Killed Terence
  2670 | D:3      | Found Vug Jecra's Jewellery Shoppe.
  2688 | D:3      | Reached XP level 7. HP: 48/48 MP: 6/11
  2780 | D:3      | Found a one-way gate to the infinite horrors of the Abyss.
  2780 | D:3      | Noticed Lancus's ghost (weakling SpEE)
  2794 | D:3      | Found a transporter.
  2794 | D:3      | Found the +8 demon trident "Rift" {distort, reach+}
  2810 | D:3      | Found a transporter.
  2848 | D:3      | Identified the ring of Fururch {rC++ Dex+6}
  3002 | D:3      | Reached skill level 1 in Ice Magic
  3321 | D:4      | Found a staircase to the Ecumenical Temple.
  3330 | Temple   | Entered the Ecumenical Temple
  3951 | D:4      | Reached skill level 1 in Polearms
  4628 | D:5      | Entered Level 5 of the Dungeon
  4699 | D:5      | Identified the ring "Qick" {rPois Str+6 Int+3}
  4834 | D:5      | Reached XP level 8. HP: 57/57 MP: 12/12
  4906 | D:5      | Found a bloodstained altar of Trog.
  4963 | D:5      | Found a glowing drain.
  4982 | Sewer    | Entered a sewer
  5075 | Sewer    | Found a white marble altar of Elyvilon.
  5347 | D:5      | Identified a scroll of acquirement
  5347 | D:5      | Acquired the +3 warlock's mirror {omnireflect}
  5347 | D:5      | Found the +3 warlock's mirror {omnireflect}
  5511 | D:5      | Reached skill level 5 in Polearms
  5530 | D:5      | Noticed a gargoyle
  5537 | D:5      | Killed a gargoyle
  5538 | D:5      | Reached skill level 1 in Shields
  5538 | D:5      | Reached skill level 5 in Ice Magic
  5538 | D:5      | Reached XP level 9. HP: 52/65 MP: 13/13
  5876 | D:6      | Found a hazy altar of Hepliaklqana.
  6393 | D:7      | Found a flagged portal.
  6411 | Bailey   | Entered a bailey
  6442 | Bailey   | Reached skill level 5 in Fighting
  6519 | Bailey   | Noticed a vault guard
  6526 | Bailey   | Killed a vault guard
  6527 | Bailey   | Reached skill level 5 in Dodging
  6527 | Bailey   | Reached XP level 10. HP: 61/75 MP: 16/16
  6602 | Bailey   | Noticed Prince Ribbit
  6602 | Bailey   | Noticed a vault guard
  6605 | Bailey   | Banished Prince Ribbit
  6619 | Bailey   | Killed a vault guard
  6761 | D:7      | Noticed an ice statue
  6769 | D:7      | Killed an ice statue
  7133 | D:7      | Reached skill level 5 in Spellcasting
  7260 | D:7      | Found Gozag's Platinum Reserve.
  7262 | D:7      | Found an opulent altar of Gozag.
  7429 | D:7      | Found a hide-covered altar of Uskayaw.
  7439 | D:7      | Found a sparkling altar of Nemelex Xobeh.
  7442 | D:7      | Found an ornate altar of the Wu Jian Council.
  7445 | D:7      | Found a blossoming altar of Fedhas.
  7712 | D:8      | Reached skill level 10 in Polearms
  7712 | D:8      | Identified the +1 scale mail "Umeesita" {Contam rElec
                  | rPois}
  7927 | D:8      | Found a sacrificial altar of Ru.
  8098 | D:8      | Noticed Erica
  8127 | D:8      | Banished Erica
  8128 | D:8      | Reached skill level 5 in Shields
  8128 | D:8      | Reached XP level 11. HP: 83/83 MP: 18/18
  8780 | D:9      | Reached skill level 1 in Stealth
  8994 | D:9      | Found a white marble altar of Elyvilon.
  9118 | D:9      | Found a stormy altar of Qazlal.
  9126 | D:9      | Found Vete Woe's Distillery.
  9168 | D:9      | Found an iron altar of Okawaru.
  9187 | D:9      | Became a worshipper of Warmaster Okawaru
  9207 | D:9      | Found a staircase to the Orcish Mines.
  9301 | D:9      | Noticed a manticore
  9308 | D:9      | Reached * piety under Okawaru
  9314 | D:9      | Killed a manticore
  9399 | D:9      | Noticed a manticore
  9400 | D:9      | Banished a manticore
  9403 | D:9      | a troll changed into an entropy weaver
  9403 | D:9      | Noticed an entropy weaver (shapeshifter)
  9413 | D:9      | Killed an entropy weaver
  9417 | D:9      | Noticed a skeletal warrior
  9427 | D:9      | Killed a skeletal warrior
  9427 | D:9      | Reached ** piety under Okawaru
  9485 | D:9      | Noticed a great orb of eyes
  9488 | D:9      | Banished a great orb of eyes
  9489 | D:9      | Reached skill level 1 in Invocations
  9494 | D:9      | Noticed a boulder beetle
  9504 | D:9      | Banished a boulder beetle
  9505 | D:9      | Reached XP level 12. HP: 69/92 MP: 16/19
  9632 | D:9      | Noticed Amaemon
  9697 | D:10     | Entered Level 10 of the Dungeon
  9847 | D:10     | Found a shadowy altar of Dithmenos.
 10514 | D:11     | Noticed a two-headed ogre
 10535 | D:11     | Reached *** piety under Okawaru
 10537 | D:11     | Killed a two-headed ogre
 10538 | D:11     | Reached skill level 5 in Stealth
 11027 | D:11     | Found a staircase to the Lair.
 11313 | Lair:1   | Entered Level 1 of the Lair of Beasts
 11384 | Lair:1   | Found a dark tunnel.
 11392 | Volcano  | Entered a volcano
 11451 | Volcano  | Reached **** piety under Okawaru
 11508 | Volcano  | Reached ***** piety under Okawaru
 11509 | Volcano  | Reached skill level 1 in Armour
 11523 | Volcano  | Noticed a fire dragon
 11536 | Volcano  | Killed a fire dragon
 11537 | Volcano  | Reached skill level 10 in Dodging
 11703 | Lair:1   | Reached skill level 5 in Invocations
 11714 | Lair:1   | Reached XP level 13. HP: 93/101 MP: 20/20
 12300 | Lair:1   | Reached skill level 10 in Fighting
 12738 | Lair:2   | Received a gift from Okawaru
 13729 | Lair:3   | Identified the +10 sling of Piuwnupia {speed, rF++ SInv}
 13800 | Lair:3   | Reached ****** piety under Okawaru
 13900 | Lair:3   | Found a hole to the Spider Nest.
 13923 | Lair:3   | Noticed Gastronok
 13933 | Lair:3   | Identified the +0 hat "Gath" {+Inv rF+ rCorr Stlth+}
                  | (Okawaru gifted it to you on level 3 of the Lair of Beasts)
 13933 | Lair:3   | Received a gift from Okawaru
 13948 | Lair:3   | Killed Gastronok
 13949 | Lair:3   | Reached XP level 14. HP: 113/113 MP: 18/21
 14112 | Lair:3   | Found a staircase to the Swamp.
 14749 | Lair:4   | Found a gate leading to a gauntlet.
 14763 | Gauntlet | Entered a Gauntlet
 14763 | Gauntlet | Found a transporter.
 14783 | Gauntlet | Found a transporter.
 14800 | Gauntlet | Found a transporter.
 14822 | Gauntlet | Found a transporter.
 14827 | Gauntlet | Found a transporter.
 14844 | Gauntlet | Found a transporter.
 14861 | Gauntlet | Found a transporter.
 14873 | Gauntlet | Found a transporter.
 14893 | Gauntlet | Found a transporter.
 14912 | Gauntlet | Found a transporter.
 14914 | Gauntlet | Found a transporter.
 14933 | Gauntlet | Found a transporter.
 14938 | Gauntlet | Found a transporter.
 14955 | Gauntlet | Found a transporter.
 14960 | Gauntlet | Found a transporter.
 14999 | Gauntlet | Found a transporter.
 15049 | Gauntlet | Found a transporter.
 15203 | Gauntlet | Reached skill level 5 in Armour
 15215 | Gauntlet | Reached skill level 1 in Evocations
 15345 | Gauntlet | Got Dawarch's Catalogue of Inhalation
 15346 | Gauntlet | Identified the +1 helmet of Okawaru's Hope {Will++}
 16167 | Lair:5   | Entered Level 5 of the Lair of Beasts
 16394 | Lair:5   | Identified the +4 scale mail "Qacvudugg" {rPois rF++ Dex+3}
                  | (Okawaru gifted it to you on level 5 of the Lair of Beasts)
 16394 | Lair:5   | Received a gift from Okawaru
 16566 | Lair:5   | Found a viscous altar of Jiyva.
 16567 | Lair:5   | Found a staircase to the Slime Pits.
 16733 | Lair:5   | Reached XP level 15. HP: 120/120 MP: 22/22
 17585 | D:9      | Killed Amaemon
 17698 | Orc:1    | Entered Level 1 of the Orcish Mines
 17763 | Orc:2    | Entered Level 2 of the Orcish Mines
 17763 | Orc:2    | Found a staircase to the Elven Halls.
 18078 | Orc:2    | Reached skill level 5 in Evocations
 18341 | Orc:2    | Found Wucomn's Distillery.
 18341 | Orc:2    | Found Hoesh's Assorted Antiques.
 18383 | Orc:2    | Received a gift from Okawaru
 18582 | Orc:2    | Found Egueled's Assorted Antiques.
 18600 | Orc:2    | Found Ywno's General Store.
 18618 | Orc:2    | Bought a potion of heal wounds for 65 gold pieces
 18618 | Orc:2    | Bought a scroll of teleportation for 39 gold pieces
 18666 | Orc:2    | Learned a level 3 spell: Frozen Ramparts
 18668 | Orc:2    | Learned a level 1 spell: Apportation
 18945 | Orc:1    | Found a runed translucent gate.
 18945 | Orc:1    | Found a runed translucent gate.
 18945 | Orc:1    | Found a runed translucent gate.
 18977 | Orc:1    | Noticed nick944's ghost (journeyman MiFi)
 19547 | Swamp:1  | Entered Level 1 of the Swamp
 19602 | Swamp:1  | Reached skill level 1 in Translocations
 19947 | Swamp:1  | Noticed Nikola
 20001 | Swamp:1  | Found a runed translucent door.
 20001 | Swamp:1  | Found a shimmering altar of Xom.
 20001 | Swamp:1  | Noticed Soulflayer's ghost (journeyman DECj)
 20068 | Swamp:1  | Killed Nikola
 20069 | Swamp:1  | Reached skill level 10 in Shields
 20119 | Swamp:1  | Identified the +1 hat of Xueps {Int+2} (Okawaru gifted it
                  | to you on level 1 of the Swamp)
 20119 | Swamp:1  | Received a gift from Okawaru
 20297 | Swamp:1  | Reached XP level 16. HP: 130/130 MP: 21/23
 20414 | Swamp:1  | Reached skill level 15 in Dodging
 20466 | Swamp:2  | Noticed Zachydoop's ghost (journeyman DsGl)
 20466 | Swamp:2  | Found a runed translucent gate.
 20466 | Swamp:2  | Found a runed translucent gate.
 20466 | Swamp:2  | Found a runed translucent gate.
 21123 | Swamp:2  | Noticed Kirke
 21182 | Swamp:2  | Killed Kirke
 22254 | Swamp:3  | Noticed a fenstrider witch
 22388 | Swamp:3  | Killed a fenstrider witch
 22886 | Spider:1 | Entered Level 1 of the Spider Nest
 23011 | Spider:1 | Received a gift from Okawaru
 23480 | Spider:1 | Received a gift from Okawaru
 23480 | Spider:1 | Found the +0 pair of fencer's gloves {Riposte Dex+3}
 23584 | Spider:1 | Reached skill level 15 in Polearms
 23815 | Spider:1 | Reached XP level 17. HP: 138/139 MP: 24/26
 24042 | Spider:2 | Noticed Asterion
 24126 | Spider:2 | Reached skill level 1 in Throwing
 25495 | Spider:3 | Identified the +2 falchion of Poicyiff {flame, rPois rF+}
 25871 | Spider:3 | Received a gift from Okawaru
 26041 | Spider:3 | Identified the +4 pair of gloves of the Hurricane {rElec}
                  | (Okawaru gifted it to you on level 3 of the Spider Nest)
 26041 | Spider:3 | Received a gift from Okawaru
 26066 | Spider:3 | Reached skill level 15 in Fighting
 26339 | Spider:4 | Entered Level 4 of the Spider Nest
 26423 | Spider:4 | Reached skill level 5 in Throwing
 26455 | Spider:4 | Found a frozen archway.
 26594 | IceCv    | Entered an ice cave
 26997 | IceCv    | Reached XP level 18. HP: 149/149 MP: 27/27
 27013 | IceCv    | Identified the +2 robe of Seifiy {Archmagi}
 27174 | IceCv    | Noticed an Ice Fiend
 27196 | IceCv    | Killed an Ice Fiend
 27890 | Spider:4 | Learned a level 3 spell: Ignite Poison
 28910 | Swamp:1  | Killed Soulflayer's ghost
 28910 | Swamp:1  | Received a gift from Okawaru
 29082 | Swamp:2  | Killed Zachydoop's ghost
 29124 | Swamp:4  | Entered Level 4 of the Swamp
 29263 | Swamp:4  | Reached skill level 5 in Poison Magic
 29368 | Swamp:4  | Found a runed translucent door.
 29374 | Swamp:4  | Noticed chorocmaeul's ghost (adept FoFi)
 29387 | Swamp:4  | Banished chorocmaeul's ghost
 29455 | Swamp:4  | Noticed the 27-headed Lernaean hydra
 29682 | Swamp:4  | Killed the 27-headed Lernaean hydra
 29984 | Swamp:4  | Got a decaying rune of Zot
 30317 | Spider:2 | Reached skill level 10 in Transmutations
 30411 | Spider:2 | Banished Asterion
 31213 | Spider:4 | Reached skill level 10 in Armour
 31278 | Spider:4 | Reached XP level 19. HP: 120/157 MP: 0/28
 31637 | Spider:4 | Identified the scarf "Tadutt" {repulsion, +Blink rPois rF++
                  | Will-} (Okawaru gifted it to you on level 4 of the Spider
                  | Nest)
 31637 | Spider:4 | Received a gift from Okawaru
 31711 | Spider:4 | Got a gossamer rune of Zot
 32864 | D:12     | Found Lujuttos's Weapon Shoppe.
 32916 | D:12     | Found Aliderph's Weapon Shop.
 33027 | D:12     | Found Vystre's General Store.
 33030 | D:12     | Bought a ring of positive energy for 360 gold pieces
 33030 | D:12     | Bought a scroll of teleportation for 54 gold pieces
 33061 | D:12     | Noticed Maurice
 33070 | D:12     | Killed Maurice
 33893 | D:12     | Noticed Lodul
 34112 | D:12     | Killed Lodul
 35128 | D:13     | You fall into a shaft and drop 2 floors!
 35128 | D:15     | Entered Level 15 of the Dungeon
 35347 | D:14     | Noticed Rupert
 35360 | D:14     | Killed Rupert
 35766 | D:14     | Found a gate to the Vaults.
 36260 | D:13     | Found a transporter.
 36266 | D:13     | Found a bloodstained altar of Trog.
 36266 | D:13     | Noticed Dittersdorf's ghost (journeyman MiBe)
 36267 | D:13     | Found a transporter.
 36320 | D:13     | Received a gift from Okawaru
 37169 | D:14     | Found a sparkling altar of Nemelex Xobeh.
 37238 | D:14     | Identified the +1 war axe "Ahakhussi" {freeze, rElec rN+}
 37401 | D:15     | Found a staircase to the Depths.
 38579 | Elf:1    | Entered Level 1 of the Elven Halls
 38658 | Elf:1    | Received a gift from Okawaru
 38756 | Orc:2    | Reached XP level 20. HP: 116/168 MP: 29/29
 39240 | Elf:1    | Found Piuk's Weapon Emporium.
 40127 | Elf:1    | Reached skill level 10 in Throwing
 40598 | Elf:2    | Found a runed translucent gate.
 40598 | Elf:2    | Found a runed translucent gate.
 40598 | Elf:2    | Found a runed translucent gate.
 40890 | Elf:1    | Found a shimmering blue altar of Sif Muna.
 40914 | Elf:1    | Received a gift from Okawaru
 41318 | Elf:2    | Received a gift from Okawaru
 42077 | Elf:2    | Identified the +7 fire dragon scales of Happy Babbling
                  | {rF++ rC- Stlth+} (Okawaru gifted it to you on level 2 of
                  | the Elven Halls)
 42077 | Elf:2    | Received a gift from Okawaru
 42427 | Elf:2    | Learned a level 3 spell: Ozocubu's Armour
 42430 | Elf:2    | Learned a level 2 spell: Passwall
 43174 | Elf:3    | Entered Level 3 of the Elven Halls
 43206 | Elf:3    | Paralysed by an air elemental for 1 turns
 43802 | Elf:3    | Paralysed by an air elemental for 1 turns
 44005 | Elf:3    | Reached XP level 21. HP: 153/179 MP: 27/30
 44187 | Elf:3    | Identified the +4 war axe "Leviticus" {spect, Str+2}
 44212 | Elf:3    | Received a gift from Okawaru
 44368 | Elf:3    | Identified the +3 trident "Cawekhlo" {venom, rF- rCorr
                  | Int+2 Dex+3} (Okawaru gifted it to you on level 3 of the
                  | Elven Halls)
 44368 | Elf:3    | Received a gift from Okawaru
 44415 | Abyss:2  | Cast into level 2 of the Abyss (a deep elf demonologist)
 44998 | Elf:3    | Escaped the Abyss
 45758 | Elf:3    | Identified the +5 sling of Punishment {heavy, rF+ Will+
                  | rCorr Str+3}
 45785 | Elf:3    | Identified the +8 shortbow of Jeoruak {heavy, MP+9}
 45799 | Elf:3    | Identified the +7 broad axe of Pestilence {flame, rN++
                  | Int+3}
 45810 | Elf:3    | Identified the +5 quarterstaff "Fygy Axu" {drain, rN+}
 45941 | Elf:3    | Got the Essays on Mud and the Evil Eye
 46030 | Elf:3    | Identified the ring of Wetsogur {rCorr MP+9 Dex+4 Slay-6
                  | Stlth-}
 46036 | Elf:3    | Received a gift from Okawaru
 46073 | Elf:3    | Got the Precepts of the Maleficium and Anemomancy
 46082 | Elf:3    | Identified the +1 ring mail "Bisseapn" {Dex+3 SInv}
 46102 | Elf:3    | Acquired 1372 gold pieces
 46121 | Elf:3    | Identified the +1 chain mail of Greed {rElec Will+ rCorr
                  | Dex+2}
 46535 | Vaults:1 | Entered Level 1 of the Vaults
 46768 | Vaults:1 | Identified the +6 spear "Yfemor" {antimagic, rElec rCorr
                  | Str-5} (Okawaru gifted it to you on level 1 of the Vaults)
 46768 | Vaults:1 | Received a gift from Okawaru
 47597 | Vaults:1 | Learned a level 3 spell: Teleport Other
 48145 | Vaults:1 | Found a runed translucent gate.
 48145 | Vaults:1 | Found a runed translucent gate.
 48145 | Vaults:1 | Found a runed translucent gate.
 48148 | Vaults:1 | Noticed ttag's ghost (adept MiBe)
 48222 | Vaults:1 | Identified the +0 robe of the Archfiend {rC+ Int+3 Dex+3}
 48418 | Vaults:1 | Reached XP level 22. HP: 160/190 MP: 32/32
 48992 | Vaults:1 | Identified the +1 robe of Summer {rElec rN++ rCorr Dex-3}
                  | (Okawaru gifted it to you on level 1 of the Vaults)
 48992 | Vaults:1 | Received a gift from Okawaru
 49898 | Vaults:2 | Noticed Sojobo
 50144 | Vaults:2 | Noticed Xtahua
 50175 | Vaults:2 | Banished Xtahua
 50246 | Vaults:2 | Reached skill level 5 in Translocations
 51891 | Vaults:3 | Noticed Margery
 51941 | Vaults:2 | Paralysed by an air elemental for 1 turns
 52572 | Vaults:2 | Banished Sojobo
 52818 | Vaults:3 | Found a staircase to the Crypt.
 53554 | Vaults:3 | Identified the +0 ring mail of Honour {rN+ Regen+} (Okawaru
                  | gifted it to you on level 3 of the Vaults)
 53554 | Vaults:3 | Received a gift from Okawaru
 53989 | Vaults:3 | Killed Margery
 54096 | Vaults:3 | Reached XP level 23. HP: 198/198 MP: 32/35
 54593 | Vaults:4 | Noticed Aizul
 54623 | Vaults:4 | Killed Aizul
 54886 | Vaults:4 | Identified the +2 halberd of Chagrin {speed, rF- Int+4
                  | Stlth+}
 56418 | Vaults:4 | Reached skill level 10 in Stealth
 56951 | Depths:1 | Entered Level 1 of the Depths
 56978 | Depths:1 | Received a gift from Okawaru
 57283 | Depths:1 | Found a one-way gateway to a ziggurat.
 57565 | Depths:1 | Found a shadowy altar of Dithmenos.
 57671 | Depths:1 | Found a gateway to Hell.
 57683 | Depths:1 | You fall into a shaft and drop 1 floor!
 58611 | Depths:2 | Found Fevvy's Weapon Shop.
 58611 | Depths:2 | Found Amumasuq's Assorted Antiques.
 58612 | Depths:2 | Found Biojy's General Store.
 58618 | Depths:2 | Found Noimuet's Jewellery Boutique.
 58628 | Depths:2 | Bought a blackened jade ring for 215 gold pieces
 58889 | Depths:2 | Found a one-way gate leading to the halls of Pandemonium.
 58928 | Depths:2 | Received a gift from Okawaru
 59334 | Depths:2 | Received a gift from Okawaru
 59849 | Depths:3 | Received a gift from Okawaru
 59883 | Depths:3 | Reached XP level 24. HP: 199/208 MP: 36/36
 60331 | Depths:3 | Noticed a caustic shrike
 60342 | Depths:2 | Killed a caustic shrike
 60346 | Depths:3 | Noticed a caustic shrike
 60367 | Depths:3 | Killed a caustic shrike
 60398 | Depths:3 | Noticed a caustic shrike
 60413 | Depths:3 | Killed a caustic shrike
 60413 | Depths:3 | Identified the +7 chain mail "Haoh" {Str+4 Dex+5 Stlth+}
                  | (Okawaru gifted it to you on level 3 of the Depths)
 60413 | Depths:3 | Received a gift from Okawaru
 60534 | Depths:3 | Found a hazy altar of Hepliaklqana.
 61319 | Depths:3 | Paralysed by a floating eye for 4 turns
 61509 | Depths:4 | Entered Level 4 of the Depths
 62283 | Depths:4 | Found a gate to the Realm of Zot.
 63785 | Vaults:5 | Entered Level 5 of the Vaults
 63842 | Vaults:4 | Received a gift from Okawaru
 64102 | Vaults:4 | Reached XP level 25. HP: 172/219 MP: 36/36
 64118 | Vaults:5 | Received a gift from Okawaru
 64378 | Vaults:5 | Received a gift from Okawaru
 64496 | Vaults:5 | Noticed a dread lich
 64835 | Vaults:5 | Identified the +2 pair of gloves of the Thoughtful Gods
                  | {rC+ Str-3 Int+3 Dex+2} (Okawaru gifted it to you on level
                  | 5 of the Vaults)
 64835 | Vaults:5 | Received a gift from Okawaru
 64857 | Vaults:5 | Identified the +1 helmet of Xom's Outrage {Slay+3}
 64861 | Vaults:5 | Identified the staff of cold "Feutzergh" {rC+ Dex+2}
 65366 | Vaults:5 | Noticed an ancient lich
 65386 | Vaults:5 | Killed an ancient lich
 65562 | Vaults:5 | Identified the +1 robe "Wyliplem" {Str+5}
 65562 | Vaults:5 | Identified the ring "Xoriq" {Ice MP+9 SInv}
 65580 | Vaults:5 | Reached skill level 10 in Invocations
 65592 | Vaults:5 | Reached skill level 15 in Armour
 66026 | Vaults:5 | Learned a level 3 spell: Portal Projectile
 66062 | Vaults:5 | Got a silver rune of Zot
 66140 | Vaults:5 | Identified the ring "Caqilofy" {rElec rC+ MP+9 Int-3
                  | Stlth+}
 66276 | Vaults:5 | Killed a dread lich
 66627 | Vaults:5 | Learned a level 2 spell: Blink
 67250 | Zot:1    | Entered Level 1 of the Realm of Zot
 68044 | Zot:1    | Identified the +0 scale mail "Heor" {MP+9 Int+2} (Okawaru
                  | gifted it to you on level 1 of the Realm of Zot)
 68044 | Zot:1    | Received a gift from Okawaru
 69105 | Zot:2    | Reached XP level 26. HP: 217/231 MP: 36/36
 69414 | Zot:2    | Noticed an orb of fire
 69417 | Zot:2    | Gained mutation: You are frail. (-10% HP) [an orb of fire]
 69422 | Zot:2    | Gained mutation: You are clumsy. (Dex -2) [an orb of fire]
 69602 | Depths:2 | Bought a potion of mutation for 128 gold pieces
 69602 | Depths:2 | Lost mutation: You are frail. (-10% HP) [potion of
                  | mutation]
 69602 | Depths:2 | Lost mutation: You are clumsy. (Dex -2) [potion of
                  | mutation]
 69602 | Depths:2 | Gained mutation: You are robust. (+10% HP) [potion of
                  | mutation]
 69602 | Depths:2 | Gained mutation: Your mind is acute. (Int +4, Str/Dex -1)
                  | [potion of mutation]
 69602 | Depths:2 | Gained mutation: You are somewhat resistant to further
                  | mutation. [potion of mutation]
 70204 | Slime:1  | Entered Level 1 of the Pits of Slime
 70911 | Slime:5  | Entered Level 5 of the Pits of Slime
 71519 | Slime:5  | Noticed the Royal Jelly
 71537 | Slime:5  | Banished the Royal Jelly
 71720 | Slime:5  | Found a viscous altar of Jiyva.
 72256 | Temple   | Fell from the grace of Okawaru
 72256 | Temple   | Became a worshipper of the Shining One
 73432 | Crypt:1  | Entered Level 1 of the Crypt
 74473 | Crypt:1  | Reached * piety under the Shining One
 74553 | Crypt:1  | Found a large runed translucent door.
 74553 | Crypt:1  | Found a large runed translucent door.
 74611 | Crypt:1  | Reached ** piety under the Shining One
 74867 | Crypt:1  | Noticed Hynnuzim's ghost (veteran CeHu)
 75279 | Crypt:1  | Reached *** piety under the Shining One
 75967 | Crypt:1  | Noticed a royal mummy
 76174 | Crypt:1  | Noticed a royal mummy
 76708 | Crypt:1  | Killed a royal mummy
 76882 | Crypt:1  | Noticed a royal mummy
 76907 | Crypt:1  | Killed a royal mummy
 77492 | Vaults:3 | Killed a royal mummy
 78079 | Crypt:1  | Found the +7 sceptre of Torment {pain, torment}
 78434 | Crypt:2  | Reached **** piety under the Shining One
 78518 | Crypt:2  | Paralysed by a vampire knight for 5 turns
 78883 | Crypt:2  | Reached ***** piety under the Shining One
 78907 | Crypt:2  | Noticed Boris
 78923 | Crypt:2  | Killed Boris
 78924 | Crypt:2  | Reached skill level 27 in Dodging
 79131 | Crypt:2  | Reached XP level 27. HP: 267/268 MP: 36/36
 79459 | Crypt:3  | Entered Level 3 of the Crypt
 79459 | Crypt:3  | Found a huge runed gate.
 79459 | Crypt:3  | Found a huge runed gate.
 79459 | Crypt:3  | Found a huge runed gate.
 79459 | Crypt:3  | Found a huge runed gate.
 79459 | Crypt:3  | Found a huge runed gate.
 79459 | Crypt:3  | Found a huge runed gate.
 79459 | Crypt:3  | Found a huge runed gate.
 79645 | Crypt:3  | Found a huge runed gate.
 79645 | Crypt:3  | Found a huge runed gate.
 79645 | Crypt:3  | Found a huge runed gate.
 79646 | Crypt:3  | Found a huge runed gate.
 79647 | Crypt:3  | Found a huge runed gate.
 79648 | Crypt:3  | Found a huge runed gate.
 79649 | Crypt:3  | Found a huge runed gate.
 79650 | Crypt:3  | Found a huge runed gate.
 79672 | Crypt:3  | Found a huge runed gate.
 79672 | Crypt:3  | Found a huge runed gate.
 79672 | Crypt:3  | Found a huge runed gate.
 79672 | Crypt:3  | Found a huge runed gate.
 79672 | Crypt:3  | Found a huge runed gate.
 79673 | Crypt:3  | Found a huge runed gate.
 79674 | Crypt:3  | Found a huge runed gate.
 79675 | Crypt:3  | Found a huge runed gate.
 79676 | Crypt:3  | Found a huge runed gate.
 79776 | Crypt:3  | Found a huge runed gate.
 79776 | Crypt:3  | Found a huge runed gate.
 79776 | Crypt:3  | Found a huge runed gate.
 79776 | Crypt:3  | Found a huge runed gate.
 79776 | Crypt:3  | Found a huge runed gate.
 79776 | Crypt:3  | Found a huge runed gate.
 79776 | Crypt:3  | Found a huge runed gate.
 79778 | Crypt:3  | Found a huge runed gate.
 79779 | Crypt:3  | Found a huge runed gate.
 79809 | Crypt:3  | Reached ****** piety under the Shining One
 79898 | Crypt:3  | Found a huge runed gate.
 79898 | Crypt:3  | Found a huge runed gate.
 79899 | Crypt:3  | Found a huge runed gate.
 80356 | Temple   | Identified a +6 trishula of holy wrath (a +4 demon trident
                  | of draining blessed by the Shining One)
 80356 | Temple   | Received a gift from the Shining One
 80951 | Crypt:3  | Noticed Bai Suzhen
 80977 | Crypt:3  | Killed Bai Suzhen
 81806 | Crypt:3  | Identified the +9 eveningstar "Ziahiasu" {pain, Fly rN++
                  | Int-5 Stlth+}
 82151 | Crypt:3  | Learned a level 4 spell: Manifold Assault
 82156 | Crypt:3  | Found a staircase to the Tomb.
 82780 | Crypt:3  | Got the Reference Book on Austromancy
 82799 | Crypt:3  | Identified the +6 hand axe of Obsession {freeze, Drain rC++
                  | rN+ MP+9}
 82803 | Crypt:3  | Identified the +4 scale mail of Ohoux {rC+ Str+2}
 82813 | Crypt:3  | Identified the +2 shortbow of Ambiguity {drain, rPois rCorr
                  | Dex+3}
 83156 | Zot:2    | Gained mutation: Your body sometimes deteriorates upon
                  | taking damage. [an orb of fire]
 83528 | Zot:2    | Noticed an orb of fire
 83544 | Zot:2    | Killed an orb of fire
 83685 | Zot:2    | Killed an orb of fire
 84142 | Zot:2    | Was forgiven by Okawaru
 84363 | Zot:2    | Noticed an orb of fire
 84376 | Zot:2    | Killed an orb of fire
 84813 | Zot:2    | Got the Anthology of the Overhead Mob
 85103 | Zot:3    | Noticed an orb of fire
 85117 | Zot:3    | Killed an orb of fire
 86208 | Zot:3    | Reached skill level 15 in Invocations
 86511 | Zot:4    | Found a transporter.
 86516 | Zot:4    | Noticed an orb of fire
 86566 | Zot:4    | Noticed a dread lich
 86624 | Zot:4    | Found a transporter.
 87024 | Zot:4    | Reached skill level 27 in Fighting
 87320 | Zot:4    | Reached skill level 15 in Throwing
 87419 | Zot:4    | Found a runed translucent door.
 87421 | Zot:4    | Noticed Sofait's ghost (legendary GnFE)
 88100 | Zot:5    | Entered Level 5 of the Realm of Zot
 88643 | Zot:5    | Noticed a dread lich
 88643 | Zot:5    | Noticed a dread lich
 88643 | Zot:5    | Noticed a dread lich
 88643 | Zot:5    | Noticed an orb of fire
 88670 | Zot:4    | Killed an orb of fire
 88672 | Zot:4    | Killed a dread lich
 88741 | Zot:4    | Paralysed by a dread lich for 3 turns
 88752 | Zot:4    | Killed a dread lich
 88756 | Zot:4    | Paralysed by a dread lich for 2 turns
 88759 | Zot:4    | Killed a dread lich
 89159 | Zot:5    | Noticed an orb of fire
 89199 | Zot:5    | Killed an orb of fire
 89455 | Zot:5    | Noticed a dread lich
 89468 | Zot:5    | Killed a dread lich
 89604 | Zot:5    | Noticed an orb of fire
 89632 | Zot:5    | Killed an orb of fire
 91198 | Hell     | Entered the Vestibule of Hell
 91198 | Hell     | Noticed Geryon
 91216 | Hell     | Killed Geryon
 91229 | Depths:4 | Reached skill level 10 in Ice Magic
 91463 | Depths:4 | Reached skill level 10 in Spellcasting
 91610 | Hell     | Found a gateway to the Iron City of Dis.
 91698 | Hell     | Found a gateway to the freezing wastes of Cocytus.
 91811 | Hell     | Found a gateway to the decaying netherworld of Tartarus.
 91913 | Hell     | Found a gateway to the ashen valley of Gehenna.
 92139 | Depths:3 | Voluntarily entered the Abyss.
 92156 | Abyss:2  | Killed Erica
 92315 | Abyss:2  | Found a corrupted altar of Lugonu.
 92348 | Abyss:2  | Killed Sojobo
 92429 | Abyss:2  | Killed Xtahua
 92650 | Abyss:2  | Killed Prince Ribbit
 92655 | Depths:3 | Escaped the Abyss
 92771 | Depths:3 | Voluntarily entered the Abyss.
 92771 | Abyss:2  | Found a corrupted altar of Lugonu.
 93008 | Abyss:2  | Found a corrupted altar of Lugonu.
 93254 | Abyss:2  | Killed Asterion
 93344 | Abyss:2  | Found a corrupted altar of Lugonu.
 94228 | Abyss:3  | Found a corrupted altar of Lugonu.
 94331 | Abyss:3  | Got an abyssal rune of Zot
 94656 | Abyss:3  | Killed the Royal Jelly
 94692 | Depths:3 | Escaped the Abyss
 95107 | Slime:5  | Identified the +5 trident of Greatest Utility {heavy,
                  | Dex+3}
 95140 | Slime:5  | Got the Commentary on the Transformed Chill
 95144 | Slime:5  | Got a slimy rune of Zot
 95153 | Slime:5  | Identified the ring of Fedhas's Hope {Drain rN+ Int+3 SInv}
 95165 | Slime:5  | Identified the staff of cold "Boun" {rElec rC+}
 95175 | Slime:5  | Identified the +3 leather armour of Limitation {+Blink
                  | rElec rC+}
 95176 | Slime:5  | Identified the staff of cold "Ywona" {rC+ Str+3 SInv
                  | Stlth+}
 96694 | Zot:4    | Identified the +1 longbow of Nemelex Xobeh's Favour {flame,
                  | *Slow rCorr Int+3}
 97213 | Tomb:1   | Entered Level 1 of the Tomb of the Ancients
 97933 | Tomb:1   | Noticed a royal mummy
 97980 | Tomb:1   | Killed a royal mummy
 98087 | Tomb:1   | Noticed a royal mummy
 98113 | Tomb:1   | Killed a royal mummy
 98185 | Tomb:1   | Noticed Boris
 98217 | Tomb:1   | Killed Boris
 98331 | Tomb:1   | Noticed a royal mummy
 98358 | Tomb:1   | Killed a royal mummy
 99021 | Tomb:2   | Noticed a royal mummy
 99022 | Tomb:2   | Noticed a royal mummy
 99046 | Tomb:1   | Killed a royal mummy
 99443 | Tomb:2   | Noticed a royal mummy
 99448 | Tomb:2   | Killed a royal mummy
 99448 | Tomb:2   | Noticed a royal mummy
 99508 | Tomb:2   | HP: 4/273 [ushabti] (14)]
 99508 | Tomb:2   | Succumbed to an ushabti's dark miasma

Illustrated notes

Levels and vault maps discovered:
D:1:      dpeg_arrival_rooms_a, layout_loops_ring,
          shapermc_ecumenical_altar_flowoftime, nicolae_titane
D:2:      cheibrodos_greedy_goblins, layout_loops_ring, minivault_23,
          roderic_lattice_a, minmay_pentomino_o2, uniq_sigmund,
          uniq_crazy_yiuf_cottage, uniq_robin
D:3:      layout_rooms, serial_shops, nicolae_shop_gaudy_bauble,
          gammafunk_ghost_abyssal_escape, uniq_terence
D:4:      layout_basic, lemuel_temple_firewalk_b
D:5:      cheibrodos_two_vegetables, layout_cave_pools,
          mainiacjoe_overflow_alcove_4, portal_sewer_entry_a,
          minmay_misc_feat_enclosed, grunt_decor_arrowhead,
          corexii_hall_statues_x
D:6:      layout_basic, old_standard_altar
D:7:      lemuel_ice_statue, layout_basic, grunt_temple_overflow_cloverleaf,
          nicolae_gozag_zags_fifth_avenue, enter_bailey_5
D:8:      layout_basic, mainiacjoe_overflow_paths, uniq_erica
D:9:      minmay_sliced_demisemicircle, layout_stronghold,
          lemuel_coloured_pillars_altar, kennysheep_mini_moat,
          nicolae_overflow_crystal_walls, orc_0_dummy, serial_shops,
          kennysheep_little_box, grunt_ministairs_12, uniq_amaemon, uniq_psyche
D:10:     layout_long_grid, mainiacjoe_overflow_catwalk, serial_bayou_pond_d
D:11:     layout_basic, lair_entry_dummy
D:12:     lemuel_castle_with_subvaults [lemuel_castle_interior_carwin_1],
          layout_irregular_city, serial_shops, kennysheep_mini, shop,
          nicolae_shop_real_fake_doors, uniq_maurice, uniq_lodul
D:13:     kennysheep_six_static_rooms, layout_loops_ring,
          gammafunk_ghost_wrathful_warriors, minmay_statue_bubble
D:14:     layout_cave_pods, grunt_vaults_entry_fortified,
          nemelex_lonely_heart_becter, uniq_rupert
D:15:     gammafunk_depths_entry_grave, layout_layer_cave, dk_noncrumbling_3
Temple:   eino_temple_lava
Lair:1:   layout_regular_city, enter_volcano_1, minivault_27
Lair:2:   layout_regular_city, mumra_transporter_accident, lemuel_fruit_fields,
          grunt_megastairs_1, lemuel_fruit_fields
Lair:3:   layout_chaotic_city, palyth_hydra_swamp_entry,
          spider_nest_entry_rubble, uniq_gastronok
Lair:4:   layout_regular_city, gauntlet_entry_generic
Lair:5:   wormcave, layout_regular_city, hangedman_lair_caniforms_friends,
          dpeg_slime_entry_enclosed, wad_woods_03
Swamp:1:  layout_basic_swamp, ebering_ghost_xom, hangedman_swamp_ruin_wall,
          uniq_nikola
Swamp:2:  layout_basic_swamp, ebering_ghost_rock_garden,
          evilmike_swamp_ruin_wall, uniq_kirke
Swamp:3:  layout_falls_marsh, evilmike_swamp_ruin_house_1,
          nicolae_swamp_necromancer_hut
Swamp:4:  swamp_old_school, layout_basic_swamp, gammafunk_ghost_grave,
          infiniplex_staircase_pool
Spider:1: layout_spider_delve, guppyfry_spider_mini_2
Spider:2: layout_spider_delve, einodemon_crawler_minivault,
          hangedman_spider_tarantella_strand, uniq_asterion
Spider:3: nicolae_spider_hilbert_zone_3 [nicolae_spider_hilbert_4_sides_2_open,
          nicolae_spider_hilbert_3_sides_1_open,
          nicolae_spider_hilbert_3_sides_1_open,
          nicolae_spider_hilbert_3_sides_1_open,
          nicolae_spider_hilbert_3_sides_1_open,
          nicolae_spider_hilbert_4_sides_1_open,
          nicolae_spider_hilbert_4_sides_1_open,
          nicolae_spider_hilbert_4_sides_1_open,
          nicolae_spider_hilbert_4_sides_1_open,
          nicolae_spider_hilbert_4_sides_1_open,
          nicolae_spider_hilbert_4_sides_1_open,
          nicolae_spider_hilbert_4_sides_1_open,
          nicolae_spider_hilbert_4_sides_1_open,
          nicolae_spider_hilbert_3_sides_1_open,
          nicolae_spider_hilbert_3_sides_1_open,
          nicolae_spider_hilbert_3_sides_1_open,
          nicolae_spider_hilbert_3_sides_1_open], worms_lemuel
Spider:4: spider_rune_water, portal_ice_cave_entry_ice_statue_one
Slime:1:  layout_caves
Slime:2:  layout_caves, nicolae_slime_welcoming_committee
Slime:3:  layout_caves
Slime:4:  cheibrodos_slime_lost_civilization_8, layout_caves,
          cheibrodos_slime_lost_civilization_5
Slime:5
Orc:1:    layout_diamond_mine, gammafunk_ghost_split
Orc:2:    st_orc_town, layout_caves
Elf:1:    eino_elf_arrival_shootout, layout_loops_corners, serial_shops, shop,
          minmay_elf_crystal_heptagon, lemuel_upstairs_altar
Elf:2:    elven_hall_of_blades_hangedman_original
          [nicolae_vaults_blade_armed_guards], layout_loops_corners,
          special_room [special_room_mythical_zoo]
Elf:3:    minmay_elf_hall_hex, layout_loops_ring, hellmonk_bongcloud_opening
Vaults:1: gammafunk_ghost_tricky_traps, nicolae_vaults_shipping_containers_7,
          nicolae_vaults_trapezoid_2, vaults_room_fours,
          nicolae_vaults_trapezoid_4, hangedman_vaults_cutoff,
          nicolae_vaults_more_shelving_1, nicolae_vaults_closet_pinwheel_3,
          nicolae_vaults_closet_pinwheel_1,
          nicolae_vaults_offset_grid_hallway_3, ontoclasm_vaults_eye,
          nicolae_vaults_storage_room_statues, v_misc_24,
          ontoclasm_vaults_claustrophobia, layout_vaults_omnibox
Vaults:2: nicolae_vaults_network_quinsquares
          [nicolae_vaults_network_quincunx_subvault,
          nicolae_vaults_network_quincunx_subvault,
          nicolae_vaults_network_quincunx_subvault,
          nicolae_vaults_network_quincunx_subvault],
          nicolae_vaults_network_square, hangedman_vaults_snaps,
          vaults_room_pool, layout_vaults_omnigrid, uniq_xtahua, uniq_sojobo
Vaults:3: minmay_crypt_entry_simple_plaza, nicolae_vaults_variable_pillar_hall,
          vaults_dpeg_ring, serial_ice_m, nicolae_vaults_trapezoid_layered,
          v_pattern_4, hangedman_vaults_hat,
          nicolae_vaults_offset_grid_hallway_1,
          nicolae_vaults_closet_pinwheel_1, hangedman_vaults_stream,
          vaults_room_stairs_pillars, v_misc_30, nicolae_vaults_tetromino_T_1,
          nicolae_vaults_bisected_exclaves, ontoclasm_vaults_decontamination,
          nicolae_vaults_security_offices_4, v_misc_22, vaults_room_semicircle,
          layout_vaults_maze_snakey, uniq_margery
Vaults:4: ontoclasm_vaults_gateway, grunt_vaults_hallway_short,
          nicolae_vaults_security_offices_3, ontoclasm_vaults_spin, v_misc_19,
          nicolae_vaults_turnstiles, v_pattern_1,
          nicolae_vaults_closet_pinwheel_4, ontoclasm_vaults_twist,
          nicolae_vaults_little_squares_2, nicolae_vaults_more_shelving_2,
          vaults_room_stairs_pillars, v_misc_9, nicolae_vaults_house_1,
          layout_vaults_omnicross, uniq_aizul
Vaults:5
Crypt:1:  minmay_guarded_unrand_sceptre_of_torment, layout_chaotic_city,
          ebering_ghost_disaster_area
Crypt:2:  layout_basic, nrook_guardian_serpent_ordinary, uniq_boris
Crypt:3:  due_elkab, layout_chaotic_city, nicolae_tomb_entry_grand_gallery,
          not_door_vault_due, uniq_bai_suzhen
Tomb:1
Tomb:2
Depths:1: layout_cave_pools, enter_ziggurat_d, serial_sigils,
          serial_sigils_hangedman_snap, serial_sigils_hangedman_clutch,
          serial_sigils_hangedman_scratch, serial_sigils_hangedman_gut,
          hell_entry, abyss_entry, nicolae_dithmenos_shadow_blocks
Depths:2: minmay_spriggan_fort, layout_gridville, kennysheep_nondescript,
          rand_demon_pan_entry_9, hell_entry, st_stairs_14, nrook_uturn,
          infiniplex_staircase_zigzag_3, minmay_shoptagon
Depths:3: kennysheep_room_grid, layout_long_grid, pf_vacation_house_of_asmodeus,
          abyss_entry, argonaut_fire_from_heaven, infiniplex_staircase_star
Depths:4: grunt_x_marks_the_spot, layout_cave_pools, hell_entry,
          hangedman_abyss_or_decor_jellyfish_corner
Hell
Zot:1:    layout_gridlike
Zot:2:    layout_twisted_circle, nzn_random_ring
Zot:3:    layout_gridlike
Zot:4:    gammafunk_the_bubble [the_bubble_gammafunk_grid],
          layout_concentric_octagons, ebering_ghost_inner_flame
Zot:5:    layout_cathedral_of_symmetry

Skill      XL: |  1  2  3  4  5  6  7  8  9 10 11 12 13 14 15 16 17 18 19 20 21 22 23 24 25 26 27 |
---------------+----------------------------------------------------------------------------------+-----
Transmutations | 3 4 5 6 7 8 9 10 | 10.0
Unarmed Combat | 4 5 |  5.4
Poison Magic   | 1 2 3 4 6 7 |  7.0
Spellcasting   | 3 4 5 6 8 9 12 | 12.5
Ice Magic      | 2 5 6 7 9 13 | 13.6
Polearms       | 2 6 8 10 12 14 15 16 17 24 | 24.4
Fighting       | 2 4 5 6 7 9 11 12 13 14 15 16 17 18 20 21 22 23 25 27 | 27.0
Shields        | 1 3 5 6 7 8 10 12 | 12.0
Dodging        | 5 6 8 10 12 13 14 15 17 19 20 21 23 24 27 | 27.0
Stealth        | 4 5 8 9 10 | 10.1
Invocations    | 1 5 6 7 9 11 12 17 | 17.4
Armour         | 1 4 5 6 7 9 10 11 12 13 14 15 | 15.2
Evocations     | 3 5 7 8 |  8.1
Translocations | 2 4 5 7 8 |  8.0
Throwing       | 5 7 9 10 11 12 18 | 18.9

Action                     |  1- 3 |  4- 6 |  7- 9 | 10-12 | 13-15 | 16-18 | 19-21 | 22-24 | 25-27 || total
---------------------------+-------+-------+-------+-------+-------+-------+-------+-------+-------++-------
  Melee: Unarmed           |    92 |   112 |    69 |       |       |       |       |       |       ||   273
         Headbutt          |     9 |    12 |     8 |     4 |     9 |       |     4 |       |       ||    46
         Punch             |     2 |     2 |     7 |       |       |       |       |       |       ||    11
         Demon trident     |       |       |   168 |   387 |  1099 |  1413 |  1492 |  1771 |  1133 ||  7463
         Tailslap          |       |       |     1 |     2 |     3 |    32 |    10 |     3 |     9 ||    60
         Trident           |       |       |       |       |       |       |       |       |  1132 ||  1132
         Trishula          |       |       |       |       |       |       |       |       |  3645 ||  3645
  Throw: Boomerang         |       |       |       |       |       |       |   202 |   269 |   156 ||   627
         Javelin           |       |       |       |       |       |       |       |     3 |    77 ||    80
         Dart              |       |       |       |       |       |       |       |       |     7 ||     7
   Cast: Beastly Appendage |    18 |    15 |     9 |     1 |     3 |     1 |     2 |       |       ||    49
         Spider Form       |     1 |     4 |     2 |       |       |       |       |       |       ||     7
         Wereblood         |     1 |     4 |    11 |    26 |    43 |     5 |     5 |     2 |       ||    97
         Ignite Poison     |       |       |       |       |       |     1 |       |       |       ||     1
         Frozen Ramparts   |       |       |       |       |       |       |    21 |    30 |    11 ||    62
         Ozocubu's Armour  |       |       |       |       |       |       |     3 |     9 |    32 ||    44
         Apportation       |       |       |       |       |       |       |     1 |       |    49 ||    50
         Teleport Other    |       |       |       |       |       |       |       |     1 |       ||     1
         Ice Form          |       |       |       |       |       |       |       |       |     4 ||     4
         Manifold Assault  |       |       |       |       |       |       |       |       |    27 ||    27
 Invoke: Heroism           |       |       |       |     1 |     9 |    11 |     4 |     8 |     7 ||    40
         Finesse           |       |       |       |       |     2 |     4 |     2 |     3 |     2 ||    13
         Cleansing Flame   |       |       |       |       |       |       |       |       |    10 ||    10
         Divine Shield     |       |       |       |       |       |       |       |       |    24 ||    24
         Summon Divine War |       |       |       |       |       |       |       |       |     2 ||     2
         Brand Weapon With |       |       |       |       |       |       |       |       |     1 ||     1
Ability: Evoke Invisibilit |       |       |       |       |       |     1 |       |       |       ||     1
         End Transformatio |       |       |       |       |       |       |     1 |       |     4 ||     5
  Evoke: Wand              |       |       |       |       |       |     6 |     3 |       |     2 ||    11
    Use: Potion            |       |     3 |     1 |     1 |     2 |     1 |       |     9 |    25 ||    42
         Scroll            |       |       |    14 |     8 |     9 |     6 |     6 |     6 |    39 ||    88
   Stab: Sleeping          |       |       |     8 |     6 |    12 |    25 |    25 |    23 |     9 ||   108
         Distracted        |       |       |     1 |     2 |     5 |     9 |    10 |     8 |     5 ||    40
         Held in net/web   |       |       |       |       |     1 |       |     1 |       |       ||     2
         Petrifying        |       |       |       |       |     1 |       |       |       |       ||     1
         Petrified         |       |       |       |       |     1 |       |       |       |       ||     1
         Invisible         |       |       |       |       |       |     6 |       |       |       ||     6
         Paralysed         |       |       |       |       |       |       |     2 |       |       ||     2
 Armour: Leather armour    |    15 |    29 |    64 |    18 |    20 |       |       |       |       ||   146
         Robe              |     2 |       |       |       |       |       |       |       |       ||     2
         Skin              |       |       |     1 |       |       |       |       |       |       ||     1
         Acid dragon scale |       |       |       |    15 |       |       |       |       |       ||    15
         Fire dragon scale |       |       |       |       |    56 |   191 |   114 |   216 |   962 ||  1539
  Dodge: Dodged            |    33 |    60 |   131 |    77 |   254 |   490 |   370 |   740 |  3281 ||  5436
  Block: Buckler           |       |       |    10 |   106 |   329 |   608 |   429 |   483 |  2480 ||  4445
         Reflection        |       |       |     3 |    25 |    17 |    23 |   104 |    78 |   325 ||   575
         Orb               |       |       |       |       |       |       |     1 |       |       ||     1
Riposte: Demon trident     |       |       |       |       |       |   217 |   174 |   242 |    87 ||   720
         Trident           |       |       |       |       |       |       |       |       |   226 ||   226
         Trishula          |       |       |       |       |       |       |       |       |   181 ||   181
